 Dungeon Crawl Stone Soup version 0.29.1-15-g9cfb28693d (webtiles) character file.

Game seed: 2041196885558294509

33831 sanboga the Basher (level 13, -15/86 HPs)
             Began as a Gargoyle Berserker on Mar 23, 2023.
             Was a High Priest of Trog.
             Shot with an arrow by a centaur warrior (19 damage)
             ... on level 14 of the Dungeon on July 8, 2023.
             The game lasted 00:24:37 (16161 turns).

sanboga the Basher (Gargoyle Berserker)            Turns: 16161, Time: 00:24:38

Health: -15/86     AC: 31    Str: 31    XL:     13   Next: 73%
Magic:  13/13      EV: 12    Int:  9    God:    Trog [*****.]
Gold:   459        SH:  6    Dex:  9    Spells: 12/12 levels left

rFire   + . .      SeeInvis .   k - +6 shillelagh "Devastator" {shatter}
rCold   + . .      Faith    .   l - +0 buckler
rNeg    + . .      Spirit   .   e - +0 plate armour
rPois   ∞          Reflect  .   t - +0 helmet
rElec   +          Harm     .   v - scarf {rC+ rF+}
rCorr   .          Rampage  .   G - +2 pair of gloves
Will    .....                   P - +0 pair of boots
Stlth   ..........              (no amulet)
HPRegen 0.24/turn               E - +4 ring of evasion
MPRegen 0.13/turn               D - +6 ring of strength

@: studying Throwing
A: sickness immunity, AC +9, negative energy resistance 1, electricity
resistance, torment resistance 1, petrification resistance
a: Renounce Religion, Berserk, Trog's Hand, Brothers in Arms


You were on level 14 of the Dungeon.
You worshipped Trog.
Trog was extremely pleased with you.
You visited 1 branch of the dungeon, and saw 14 of its levels.
You also visited: Sewer and Bailey.

You collected 1045 gold pieces.
You spent 586 gold pieces at shops.

Inventory:

Hand Weapons
 k - the +6 shillelagh "Devastator" (weapon) {shatter}
   (You found it on level 2 of the Dungeon)

   It releases a powerful concussive burst when it strikes, dealing extra damage
   to the target and all other foes adjacent to them.
Armour
 e - a +0 plate armour (worn)
 l - a +0 buckler (worn)
 t - a +0 helmet (worn)
 v - a scarf of resistance (worn)
 G - a +2 pair of gloves (worn)
 P - a +0 pair of boots (worn)
Jewellery
 u - a ring of protection from cold
 C - an amulet of guardian spirit
 D - a +6 ring of strength (right hand)
 E - a +4 ring of evasion (left hand)
 L - a ring of ice
Wands
 r - a wand of flame (42)
 y - a wand of mindburst (16)
 A - a wand of quicksilver (7)
 F - a wand of charming (4)
 H - a wand of digging (1)
 N - a wand of polymorph (5)
Scrolls
 g - 2 scrolls of enchant weapon
 o - 5 scrolls of teleportation
 p - 5 scrolls of blinking
 I - 5 scrolls of identify
 J - a scroll of butterflies {unknown}
 K - a scroll of fear
 M - a scroll of brand weapon
Potions
 a - a potion of ambrosia
 b - 5 potions of attraction
 c - 7 potions of heal wounds
 d - 5 potions of mutation
 f - 2 potions of cancellation
 h - 10 potions of curing
 i - 2 potions of lignification {unknown}
 j - 3 potions of flight
 m - 12 potions of haste
 n - 4 potions of berserk rage
 q - 2 potions of magic {unknown}
 s - 4 potions of brilliance {unknown}
 w - 6 potions of resistance
 x - 6 potions of might
 z - 2 potions of invisibility {unknown}
 B - a potion of degeneration {unknown}


   Skills:
 + Level 12.0 Fighting
 - Level 3.2(9.2) Axes
 * Level 14.4(14.6) Maces & Flails
 + Level 11.7 Armour
 - Level 1.5 Dodging
 + Level 11.3 Shields


You had 12 spell levels left.
You didn't know any spells.
Your spell library was empty.

Dungeon Overview and Level Annotations

Branches:
Dungeon (14/15)            Temple (0/1) D:5            Lair (0/5) D:11
    Orc (0/2) D:9          Vaults (0/5) D:13          Sewer (visited)
 Bailey (visited)

Altars:
Cheibriados
Dithmenos
Elyvilon
Fedhas
Gozag
Hepliaklqana
Kikubaaqudgha
Nemelex Xobeh
Okawaru
Ru
Sif Muna
Vehumet
Yredelemnul
Zin

Shops:
D:5 *   D:10 ([

Annotations:
D:12 3 runed translucent doors


Innate Abilities, Weirdness & Mutations

You are immune to sickness and miasma.
Your stone body is resilient. (AC +9)
You are immune to poison.
You resist negative energy. (rN+)
You are resistant to electric shocks. (rElec)
You are resistant to unholy torment.
You are immune to petrification.


Message History

The skeletal warrior is severely damaged.
The skeletal warrior closely misses you.
You block the skeletal warrior's attack.
You hit the skeletal warrior but do no damage.
The skeletal warrior is severely damaged.
The centaur warrior barely misses you.
The centaur warrior kicks you but does no damage.
You hit the skeletal warrior but do no damage.
The skeletal warrior is severely damaged.
The centaur warrior hits you but does no damage.
You block the centaur warrior's attack.
The skeletal warrior hits you but does no damage.
The skeletal warrior hits you with a +0 mace!
* * * LOW HITPOINT WARNING * * *
You closely miss the skeletal warrior.
The skeletal warrior is severely damaged.
The centaur warrior hits you but does no damage.
The centaur warrior kicks you but does no damage.
The skeletal warrior hits you but does no damage.
The skeletal warrior misses you.
You hit the skeletal warrior.
The skeletal warrior and the centaur warrior shudder.
The skeletal warrior is severely damaged.
The centaur warrior is moderately wounded.
The skeletal warrior is severely damaged.
You recover from your berserk rage.
The centaur warrior hits you but does no damage.
The centaur warrior kicks you but does no damage.
Okay, then.
Blink to where?
Press: ? - help, Dir - move target
As you read the scroll of blinking, it crumbles to dust.
The centaur warrior wields a +0 shortbow.
The centaur warrior shoots an arrow.
You block the arrow.
You see here a +0 scale mail.
The centaur warrior shoots an arrow.
The arrow hits you!
* * * LOW HITPOINT WARNING * * *
The centaur warrior shoots an arrow.
The arrow misses you.
The centaur warrior shoots an arrow.
The arrow hits you!!
You die...

#........##.# .# ###
###.###...###.###.#
..#
#.....#.#.........#
..#
########c#.#..##.##.##
..##
#........#.#..z#......
...#
#.####.[.#.#.........#
...# #.#
#...#.#...)z.$..# ...#
#.####..##.#.#.#.)...#
...#
#<...@..##.#.#.#...).#
...#
####...###.#.#.#.##.§#
.###
#)......#.~.#.....# .#
#..#....≈.~.#...... ##
#..#.~#.~.≈.#.#.###
#.>.....~.~...#.
#.~~~≈~≈~.~~###.#
#.~~≈~≈≈~... ..
#~.~≈≈≈≈≈≈≈~≈ #


You could see a centaur warrior.

Vanquished Creatures
  Nessos (D:12)
  A fire dragon (D:13)
  Erolcha (D:13)
  Fannar (D:10)
  2 hydras (D:14)
  An ogre mage (D:13)
  7 two-headed ogres
  4 centaur warriors
  5 vault guards (D:13)
  Sonja (D:10)
  A skeletal warrior (D:14)
  An orc knight (Bailey)
  The ghost of Seidenschwarz the Thaumaturge, a novice DECj of Vehumet (D:8)
  2 deep elf pyromancers
  A manticore (D:12)
  A cyclops (D:12)
  An ugly thing (D:13)
  3 gargoyles
  An ice statue (D:12)
  4 kobold demonologists
  A yaktaur (D:13)
  3 trolls
  A polar bear (shapeshifter) (D:14)
  3 slime creatures (D:12)
  3 vampires
  2 shadows (D:10)
  2 wraiths
  A wyvern (D:9)
  16 yaks
  Eustachio (D:4)
  A human (D:13)
  Grum (D:8)
  A basilisk (D:9)
  A steam dragon (D:7)
  7 vampire mosquitoes (D:13)
  Edmund (D:4)
  2 acid dragons
  A water moccasin (D:5)
  2 orc warriors
  An ice beast (D:8)
  2 sky beasts
  4 black bears
  3 centaurs (D:13)
  3 ogres
  7 wolves
  9 kobold brigands
  3 gnoll sergeants (D:10)
  3 bullfrogs
  3 scorpions
  2 wights
  10 killer bees
  6 electric eels
  11 howler monkeys
  6 gnoll boudas
  12 hounds
  11 orc priests
  2 jellies (D:6)
  5 iguanas
  Ijyb (D:3)
  16 orc wizards
  Robin (D:4)
  50 gnolls
  11 adders
  2 shadow imps
  2 white imps
  4 worms
  3 dart slugs
  53 orcs
  11 ball pythons
  13 endoplasms
  10 giant cockroaches
  17 goblins
  8 hobgoblins
  10 jackals
  13 quokkas
  4 bats
  10 frilled lizards
  29 kobolds
  3 rats
  A spectral orc (D:4)
465 creatures vanquished.

Vanquished Creatures (others)
  A wizard (D:13)
  3 kobolds
  2 plants (D:6)
6 creatures vanquished.

Grand Total: 471 creatures vanquished

Notes
Turn   | Place    | Note
-------+----------+-------------------------------------------
     0 | D:1      | sanboga the Gargoyle Berserker began the quest for the Orb.
     0 | D:1      | Reached XP level 1. HP: 14/14 MP: 1/1
   439 | D:1      | Reached XP level 2. HP: 14/19 MP: 2/2
   585 | D:1      | Found a faded altar of an unknown god.
   954 | D:1      | Reached XP level 3. HP: 24/24 MP: 3/3
  1094 | D:2      | Found the +6 shillelagh "Devastator" {shatter}
  1136 | D:2      | Reached ** piety under Trog
  1144 | D:2      | Reached XP level 4. HP: 18/29 MP: 4/4
  1343 | D:2      | Reached skill level 1 in Maces & Flails
  1685 | D:2      | Reached skill level 1 in Shields
  2045 | D:3      | Noticed Ijyb
  2054 | D:3      | Killed Ijyb
  2055 | D:3      | Reached XP level 5. HP: 3/33 MP: 5/5
  3100 | D:4      | Noticed Eustachio
  3103 | D:4      | Killed Eustachio
  3104 | D:4      | Reached skill level 2 in Maces & Flails
  3104 | D:4      | Reached XP level 6. HP: 32/39 MP: 6/6
  3130 | D:4      | Noticed Robin
  3138 | D:4      | Killed Robin
  3139 | D:4      | Reached skill level 3 in Maces & Flails
  3143 | D:4      | Noticed Edmund
  3149 | D:4      | Killed Edmund
  3166 | D:4      | Found a white marble altar of Elyvilon.
  3196 | D:4      | Found a glowing drain.
  3207 | Sewer    | Entered a sewer
  3366 | Sewer    | Reached XP level 7. HP: 35/44 MP: 7/7
  3380 | Sewer    | Reached skill level 5 in Fighting
  3609 | Sewer    | Reached *** piety under Trog
  3688 | Sewer    | Reached skill level 4 in Maces & Flails
  4026 | D:4      | Reached XP level 8. HP: 50/50 MP: 8/8
  4077 | D:4      | Reached skill level 5 in Maces & Flails
  4084 | D:4      | Reached **** piety under Trog
  4202 | D:4      | Identified the +2 leather armour of the Elven Halls {+Inv
                  | rElec Str+9 Dex-3 Stlth-}
  4214 | D:4      | Reached skill level 5 in Armour
  4361 | D:4      | Found a basalt altar of Yredelemnul.
  4466 | D:5      | Entered Level 5 of the Dungeon
  4771 | D:5      | Found an ancient bone altar of Kikubaaqudgha.
  4775 | D:5      | Reached skill level 6 in Maces & Flails
  4775 | D:5      | Found a shimmering blue altar of Sif Muna.
  4800 | D:5      | Found a radiant altar of Vehumet.
  4993 | D:5      | Found Piesimobo's Neck Hole.
  5154 | D:5      | Found a staircase to the Ecumenical Temple.
  5292 | D:6      | Reached skill level 5 in Shields
  5292 | D:6      | Reached XP level 9. HP: 56/56 MP: 9/9
  5432 | D:6      | Reached skill level 7 in Maces & Flails
  5460 | D:6      | Found an iron altar of Okawaru.
  5506 | D:6      | Found a blossoming altar of Fedhas.
  5746 | D:6      | Found a snail-covered altar of Cheibriados.
  6759 | D:7      | Found a glowing silver altar of Zin.
  6955 | D:7      | Reached skill level 8 in Maces & Flails
  7292 | D:8      | Noticed Grum
  7299 | D:8      | Reached XP level 10. HP: 64/64 MP: 10/10
  7304 | D:8      | Killed Grum
  7313 | D:8      | Found a runed translucent door.
  7313 | D:8      | Noticed Seidenschwarz's ghost (novice DECj)
  7328 | D:8      | Reached ***** piety under Trog
  7329 | D:8      | Noticed a two-headed ogre
  7332 | D:8      | Found a shadowy altar of Dithmenos.
  7338 | D:8      | Killed a two-headed ogre
  7385 | D:8      | Reached skill level 9 in Maces & Flails
  7642 | D:8      | Found a flagged portal.
  7649 | Bailey   | Entered a bailey
  7777 | Bailey   | Noticed an orc knight
  7785 | Bailey   | Killed an orc knight
  8235 | D:8      | You fall into a shaft and drop 2 floors!
  8235 | D:10     | Entered Level 10 of the Dungeon
  8339 | D:10     | Noticed Sonja
  8968 | D:5      | Bought a scarf of resistance for 384 gold pieces
  9065 | D:8      | Killed Seidenschwarz's ghost
  9155 | D:9      | Noticed a two-headed ogre
  9167 | D:9      | Killed a two-headed ogre
  9168 | D:9      | Reached skill level 10 in Maces & Flails
  9168 | D:9      | Reached XP level 11. HP: 66/69 MP: 11/11
  9456 | D:9      | Found an opulent altar of Gozag.
  9714 | D:9      | Found a hazy altar of Hepliaklqana.
  9911 | D:9      | Found a large runed translucent door.
  9912 | D:9      | Found a large runed translucent door.
 10061 | D:9      | Found a staircase to the Orcish Mines.
 10225 | D:9      | Found a sacrificial altar of Ru.
 10234 | D:9      | Found a sparkling altar of Nemelex Xobeh.
 10279 | D:10     | Killed Sonja
 10423 | D:10     | Received a gift from Trog
 10455 | D:10     | Found Qaigui's Antique Armour Emporium.
 10625 | D:10     | Bought a pair of runed gloves for 202 gold pieces
 10685 | D:10     | Reached skill level 11 in Maces & Flails
 10726 | D:10     | Identified the +2 leather armour of the Orb Guardian {Harm
                  | rF+ rCorr SInv}
 11137 | D:10     | Found Kanonnept's Firing Range.
 11422 | D:10     | Noticed Fannar
 11432 | D:10     | Killed Fannar
 11762 | D:11     | Reached skill level 10 in Fighting
 11767 | D:11     | Reached XP level 12. HP: 77/77 MP: 12/12
 12089 | D:11     | Found an iron altar of Okawaru.
 12106 | D:11     | Noticed a two-headed ogre
 12112 | D:11     | Killed a two-headed ogre
 12113 | D:11     | Reached skill level 12 in Maces & Flails
 12452 | D:11     | Found a staircase to the Lair.
 12585 | D:12     | Reached skill level 10 in Armour
 12952 | D:12     | Noticed a two-headed ogre
 12958 | D:12     | Killed a two-headed ogre
 12960 | D:12     | Noticed Nessos
 12971 | D:12     | Killed Nessos
 13112 | D:12     | Noticed a two-headed ogre
 13123 | D:12     | Killed a two-headed ogre
 13569 | D:12     | Found a runed translucent door.
 13582 | D:12     | Found a runed translucent door.
 13596 | D:12     | Found a runed translucent door.
 13614 | D:12     | Found a runed translucent door.
 13769 | D:12     | Reached skill level 10 in Shields
 13883 | D:12     | Noticed a two-headed ogre
 13886 | D:12     | Killed a two-headed ogre
 14095 | D:12     | Reached skill level 13 in Maces & Flails
 14231 | D:13     | Noticed a two-headed ogre
 14247 | D:13     | Killed a two-headed ogre
 14419 | D:13     | Noticed a vault guard
 14420 | D:13     | Noticed a vault guard
 14435 | D:13     | Noticed a boulder beetle
 14462 | D:13     | Noticed a fire dragon
 14462 | D:13     | a boulder beetle changed into a fire dragon
 14469 | D:13     | Killed a fire dragon
 14739 | D:13     | Noticed a centaur warrior
 14748 | D:13     | Killed a centaur warrior
 14749 | D:13     | Reached XP level 13. HP: 84/84 MP: 13/13
 14750 | D:13     | Received a gift from Trog
 15020 | D:13     | Noticed Erolcha
 15031 | D:13     | Killed Erolcha
 15485 | D:13     | Killed a vault guard
 15599 | D:13     | Noticed a vault guard
 15617 | D:13     | Killed a vault guard
 15800 | D:13     | Killed a vault guard
 15801 | D:13     | Reached skill level 14 in Maces & Flails
 15820 | D:13     | Found a gate to the Vaults.
 15820 | D:13     | Noticed a vault guard
 15820 | D:13     | Noticed a vault guard
 15831 | D:13     | Killed a vault guard
 15834 | D:13     | Killed a vault guard
 16160 | D:14     | HP: 3/86 [centaur warrior/arrow (8)]
 16161 | D:14     | Shot with an arrow by a centaur warrior

Illustrated notes

Levels and vault maps discovered:
D:1:      lemuel_arrival_funnel, layout_basic,
          ebering_ecumenical_altar_sacrificial
D:2:      layout_basic
D:3:      layout_basic, dreamdust_mushroom_princess, kennysheep_generic_room_9,
          uniq_ijyb
D:4:      cheibrodos_thug_alley, layout_cave_pools,
          yredelemnul_forgotten_temple_becter, mainiacjoe_overflow_alcove_1,
          cheibrodos_sewer_entry_bend, uniq_eustachio, uniq_robin, uniq_edmund
D:5:      layout_loops_cross, palyth_temple_overflow_mages, temple_hall,
          nicolae_shop_sticking_my_neck_out
D:6:      layout_basic, mainiacjoe_overflow_paths, cheibrodos_worm_habitat,
          fedhas_altar_1
D:7:      layout_loops_ring, lemuel_crystal_altar, amethyst_killhole
D:8:      layout_rooms, mainiacjoe_overflow_concentric_impassable,
          ebering_ghost_reflecting_pool, enter_bailey_5,
          minmay_manual_mandibuliform, uniq_grum
D:9:      layout_cave_pods, mainiacjoe_overflow_alcove_2,
          nicolae_gozag_cash_rules_everything_around_me, jmf_multi_god_temple2,
          minmay_orc_entry_temple_small, disabler_island
D:10:     layout_big_octagon, serial_gnoll_camp, gnoll_camp_huts_moat,
          gnoll_camp_medium_02, gnoll_camp_mini_hut, grums_kennel,
          gnoll_camp_mini_loothouse, serial_shops, shop,
          nicolae_shop_firing_range, uniq_fannar, uniq_sonja
D:11:     layout_basic, lair_entry_dummy, okawaru_trees_1
D:12:     layout_irregular_city, minmay_statue_crystal_thing, uniq_nessos
D:13:     layout_roguey, grunt_vaults_entry_fortified, uniq_erolcha
D:14:     minmay_tile_spiral, layout_basic, serial_shops, shop

Skill      XL: |  1  2  3  4  5  6  7  8  9 10 11 12 13 |
---------------+----------------------------------------+-----
Axes           | 3 |  3.2
Armour         | 3 4 5 7 8 9 10 11 | 11.7
Maces & Flails | 1 2 3 4 6 8 10 11 13 14 | 14.4
Fighting       | 4 5 6 7 8 10 11 12 | 12.0
Shields        | 1 2 3 5 6 7 9 10 11 | 11.3
Dodging        | |  1.5

Action                   |  1- 3 |  4- 6 |  7- 9 | 10-12 | 13-15 || total
-------------------------+-------+-------+-------+-------+-------++-------
Melee: Hand axe          |    70 |       |       |       |       ||    70
       Shillelagh        |     8 |    67 |   233 |   412 |   113 ||   833
Invok: Berserk           |     1 |     2 |     3 |     8 |     3 ||    17
Evoke: Wand              |       |       |       |     3 |       ||     3
  Use: Scroll            |       |     7 |    10 |     3 |     1 ||    21
       Potion            |       |       |       |       |     1 ||     1
 Stab: Sleeping          |       |     1 |       |       |       ||     1
Armor: Animal skin       |    36 |     9 |       |       |       ||    45
       Chain mail        |       |    30 |   137 |       |       ||   167
       Plate armour      |       |       |     7 |   275 |   105 ||   387
Dodge: Dodged            |    48 |    34 |    73 |   194 |    76 ||   425
Block: Buckler           |       |    11 |    48 |   126 |    53 ||   238
